 Dungeon Crawl Stone Soup version 0.31-a0-4-gefa6de2278 (webtiles) character file.

Game seed: 14934530354708929433

2819 bande the Cleaver (level 9, -1/82 HPs)
             Began as a Gargoyle Fighter on May 4, 2023.
             Slain by Maggie
             ... wielding a +2 war axe of draining
              (18 damage)
             ... on level 7 of the Dungeon.
             The game lasted 00:11:19 (6302 turns).

bande the Cleaver (Gargoyle Fighter)                Turns: 6302, Time: 00:11:19

Health: -1/82      AC: 28    Str: 21    XL:     9   Next: 72%
Magic:  9/9        EV:  6    Int:  8    God:
Gold:   194        SH:  5    Dex: 13    Spells: 8/8 levels left

rFire   . . .        a - +0 war axe
rCold   . . .        c - +0 buckler
rNeg    + . .        w - +0 plate armour
rPois   ∞            k - +1 helmet
rElec   +            (no cloak)
rCorr   .            (no gloves)
SInv    +            x - +1 pair of boots {rampage}
Will    .....        (no amulet) Stlth
                     h - ring of see invisible
HPRegen 0.33/turn    u - +4 ring of protection
MPRegen 0.11/turn

%: rampage
@: mighty, berserking, very quick
A: sickness immunity, AC +6, negative energy resistance 1, electricity
resistance, torment resistance 1, petrification resistance
a: no special abilities


You were on level 7 of the Dungeon.
You visited 1 branch of the dungeon, and saw 7 of its levels.

You collected 408 gold pieces.
You spent 214 gold pieces at shops.

Inventory:

Hand Weapons
 a - a +0 war axe (weapon)
 s - a +0 war axe
Missiles
 e - a throwing net (quivered)
Armour
 c - a +0 buckler (worn)
 k - a +1 helmet (worn)
 w - a +0 plate armour (worn)
 x - a +1 pair of boots of rampaging (worn)
Jewellery
 g - a ring of fire
 h - a ring of see invisible (left hand)
 u - a +4 ring of protection (right hand)
Wands
 n - a wand of paralysis (1)
 t - a wand of light (2)
 v - a wand of iceblast (5)
Scrolls
 i - a scroll of fear
 l - 2 scrolls of identify
 o - a scroll of teleportation
 q - 3 scrolls of magic mapping
 y - a scroll of fog
Potions
 b - a potion of mutation
 j - 2 potions of brilliance
 m - 2 potions of curing
 p - 2 potions of heal wounds {unknown}
 r - a potion of ambrosia


   Skills:
 + Level 6.0 Fighting
 + Level 8.3 Axes
 + Level 6.6 Armour
 - Level 0.2 Stealth
 + Level 5.5 Shields
 * Level 4.5 Evocations


You had 8 spell levels left.
You didn't know any spells.
Your spell library contained the following spells:

 Spells                   Type           Power      Damage    Failure   Level
 Magic Dart               Conj           0%         1d3       100%        1
 Ensorcelled Hibernation  Hex/Ice        0%         N/A       100%        2
 Searing Ray              Conj           0%         2d4       100%        2
 Static Discharge         Conj/Air       0%         2-2/arc   100%        2
 Spider Form              Tmut/Pois      0%         N/A       100%        3
 Airstrike                Air            0%         2d(0-16)  100%        4
 Anguish                  Hex/Necr       0%         N/A       100%        4
 Dispel Undead            Necr           0%         3d6       100%        4
 Fulminant Prism          Conj/Hex       0%         3d5       100%        4
 Summon Lightning Spire   Summ/Air       0%         N/A       100%        4
 Death Channel            Necr           0%         N/A       100%        6
 Cigotuvi's Dreadful Rot  Necr/Pois/Air  Unusable   N/A       N/A         2

Dungeon Overview and Level Annotations

Branches:
Dungeon (7/15)             Temple (0/1) D:6

Altars:
Ashenzari
Hepliaklqana
Kikubaaqudgha
Wu Jian

Shops:
D:2 :   D:7 [

Annotations:
D:7 Maggie


Innate Abilities, Weirdness & Mutations

You are immune to sickness and miasma.
Your stone body is resilient. (AC +6)
You are immune to poison.
You resist negative energy. (rN+)
You are resistant to electric shocks. (rElec)
You are resistant to unholy torment.
You are immune to petrification.


Message History

You block Maggie's attack.
You closely miss Maggie.
Maggie is lightly wounded.
Maggie barely misses you.
You closely miss Maggie.
Maggie is lightly wounded.
Maggie hits you but does no damage.
You slash Maggie!
Maggie is moderately wounded.
Maggie hits you with a +2 war axe of draining!
You are too injured to fight recklessly!
You are too injured to fight recklessly!
You closely miss Maggie.
Maggie is moderately wounded.
Maggie hits you with a +2 war axe of draining!
* * * LOW HITPOINT WARNING * * *
You hit Maggie.
Maggie is moderately wounded.
Maggie hits you with a +2 war axe of draining.
* * * LOW HITPOINT WARNING * * *
You barely miss Maggie.
Maggie is moderately wounded.
Maggie says, "Leave now, and tell all of Margery's mercy!"
Maggie hits you but does no damage. You block Maggie's attack.
You closely miss Maggie.
Maggie is moderately wounded.
Maggie hits you but does no damage.
You hit Maggie.
Maggie is moderately wounded.
Maggie says, "Fear not.
I will immortalize you in the tale of my first kill."
Maggie hits you with a +2 war axe of draining!
* * * LOW HITPOINT WARNING * * *
You feel better. Maggie completely misses you.
You feel very mighty all of a sudden.
You break out of your daze.
Maggie hits you but does no damage.
A red film seems to cover your vision as you go berserk!
You feel yourself moving faster!
You feel mighty!
Maggie hits you with a +2 war axe of draining!!
You die...

.~###≈≈≈≈###~.# #..
~≈≈≈≈≈≈≈~..# . #....
≈≈≈≈≈≈≈≈≈..##.
#.#.~###≈≈≈~###≈.#..
#.#.#.[.#≈~#...#...#
#.#.#.⌠.#..#.⌠.#.###
#...#...#..#...#.#
#####..@.###....###..###
.......@.)..............
#######.################
#)# ########.#
.......).# ##########


You could see Maggie (strong).

Vanquished Creatures
  Pikel (D:7)
  A hornet (D:7)
  Sigmund (D:6)
  The ghost of sircluck the Chopper, an amateur MiGl (D:4)
  An orc warrior (D:4)
  2 ice beasts (D:4)
  2 sky beasts
  2 black bears
  An ogre (D:5)
  A lemure (D:7)
  3 phantoms
  A kobold brigand (D:4)
  2 scorpions
  3 wights (D:7)
  A killer bee (D:7)
  3 hounds
  3 jellies (D:6)
  A sleepcap (D:7)
  3 iguanas
  Natasha (thrice) (D:2)
  An orc wizard (D:7)
  5 adders
  3 white imps
  An ufetubus (D:4)
  3 dart slugs
  14 orcs
  4 ball pythons
  4 endoplasms
  2 giant cockroaches (D:4)
  8 goblins
  7 hobgoblins
  2 jackals (D:4)
  4 kobolds
  6 quokkas
  2 bats (D:3)
  8 frilled lizards
  4 rats
  A spectral hobgoblin (D:5)
115 creatures vanquished.

Notes
Turn   | Place    | Note
-------+----------+-------------------------------------------
     0 | D:1      | bande the Gargoyle Fighter began the quest for the Orb.
     0 | D:1      | Reached XP level 1. HP: 14/14 MP: 1/1
   434 | D:1      | Reached XP level 2. HP: 19/19 MP: 2/2
   500 | D:1      | Found a faded altar of an unknown god.
   899 | D:2      | Noticed Natasha
   913 | D:2      | Killed Natasha
   914 | D:2      | Reached skill level 2 in Axes
   914 | D:2      | Reached XP level 3. HP: 2/24 MP: 3/3
   948 | D:2      | Noticed Natasha
   969 | D:2      | Killed Natasha
   970 | D:2      | Reached XP level 4. HP: 12/29 MP: 4/4
  1131 | D:2      | Noticed Natasha
  1141 | D:2      | Killed Natasha
  1362 | D:2      | Found Weneos's Book Boutique.
  1391 | D:2      | Reached skill level 3 in Axes
  1885 | D:2      | Reached XP level 5. HP: 28/33 MP: 5/5
  2177 | D:3      | Found an ornate altar of the Wu Jian Council.
  2791 | D:4      | Noticed a phantom
  2815 | D:4      | Killed a phantom
  2848 | D:4      | Found an ancient bone altar of Kikubaaqudgha.
  2878 | D:4      | Noticed a kobold brigand
  2887 | D:4      | Killed a kobold brigand
  2888 | D:4      | Reached skill level 4 in Axes
  2888 | D:4      | Reached XP level 6. HP: 38/38 MP: 6/6
  3035 | D:4      | You fall into a shaft and drop 2 floors!
  3168 | D:6      | Noticed a black bear
  3178 | D:6      | Killed a black bear
  3179 | D:6      | Reached skill level 1 in Evocations
  3179 | D:6      | Reached XP level 7. HP: 38/44 MP: 7/7
  3257 | D:6      | Reached skill level 5 in Armour
  3317 | D:5      | Entered Level 5 of the Dungeon
  3332 | D:5      | Noticed sircluck's ghost (amateur MiGl)
  3333 | D:5      | Found a runed translucent gate.
  3334 | D:5      | Found a runed translucent gate.
  3338 | D:5      | Found a runed translucent gate.
  3446 | D:5      | Reached skill level 5 in Axes
  3939 | D:4      | Reached XP level 8. HP: 17/48 MP: 8/8
  4659 | D:5      | Found a hazy altar of Hepliaklqana.
  4835 | D:4      | Killed sircluck's ghost
  4836 | D:4      | Reached skill level 5 in Fighting
  4836 | D:4      | Reached skill level 6 in Axes
  5203 | D:6      | Noticed Sigmund
  5221 | D:6      | Killed Sigmund
  5222 | D:6      | Reached skill level 5 in Shields
  5402 | D:6      | Found a broken altar of Ashenzari.
  5733 | D:7      | Noticed a hornet
  5736 | D:7      | Reached skill level 7 in Axes
  5736 | D:7      | Reached XP level 9. HP: 54/54 MP: 9/9
  5745 | D:7      | Killed a hornet
  6071 | D:7      | Found Ymietic's Armour Emporium.
  6074 | D:7      | Bought a +1 pair of boots of rampaging for 214 gold pieces
  6075 | D:7      | Noticed Pikel
  6183 | D:7      | Killed Pikel
  6184 | D:7      | Reached skill level 8 in Axes
  6284 | D:7      | Noticed Maggie
  6302 | D:7      | Slain by Maggie

Illustrated notes

Levels and vault maps discovered:
D:1:      scummos_arrival_simple_crosswalls, layout_loops_corners,
          dreamdust_ecumenical_altar_statues
D:2:      layout_loops_corners, serial_shops, shop, st_stairs_10, uniq_natasha
D:3:      layout_basic, mainiacjoe_overflow_small_starburst
D:4:      layout_basic, mainiacjoe_overflow_boulevard, nicolae_nh_ransacked_shop
D:5:      layout_loops_ring, nicolae_hepliaklqana_monster_ancestors,
          gammafunk_ghost_split
D:6:      layout_gridville, mainiacjoe_overflow_alcove_2,
          minmay_temple_entry_from_below_a, minmay_tree_intersection,
          st_stairs_13, minmay_misc_feat_nine_boxes, reono_crystal_passage,
          uniq_sigmund
D:7:      layout_basic, serial_shops, kennysheep_mini_moat, fountainhead,
          kennysheep_small_square, uniq_crazy_yiuf_cottage, uniq_maggie,
          uniq_pikel

Skill      XL: |  1  2  3  4  5  6  7  8  9 |
---------------+----------------------------+-----
Axes           | 2 3 4 5 7 8 |  8.3
Armour         | 4 5 6 |  6.6
Fighting       | 4 5 6 |  6.0
Shields        | 4 5 |  5.5
Evocations     | 1 2 3 4 |  4.5
Stealth        | |  0.2

Action                     |  1- 3 |  4- 6 |  7- 9 || total
---------------------------+-------+-------+-------++-------
  Melee: War axe           |    58 |   132 |   302 ||   492
    Use: Scroll            |       |     4 |    10 ||    14
         Potion            |       |       |     3 ||     3
 Armour: Scale mail        |    31 |    81 |       ||   112
         Chain mail        |       |    11 |    67 ||    78
         Plate armour      |       |       |   143 ||   143
  Dodge: Dodged            |    23 |    60 |    99 ||   182
  Block: Buckler           |    14 |    32 |    68 ||   114

Table legend: (Time is in decaauts)
 A = Elapsed time spent in this place.
 B = Non-inter-level travel time spent in this place.
 C = Inter-level travel time spent in this place.
 D = Time resting spent in this place.
 E = Time spent auto-exploring this place.
 F = Levels seen in this place.
 G = Mean time per level.
                   A        B        C        D        E       F      G
               +--------+--------+--------+--------+--------+-----+--------+
         Total |   6456 |   6268 |    188 |    530 |   4340 |   7 |  922.3 |
       Dungeon |   6456 |   6268 |    188 |    530 |   4340 |   7 |  922.3 |
               +--------+--------+--------+--------+--------+-----+--------+

Top non-repeatable levels by time:
     D:2: 1369 daAuts
     D:4: 1127 daAuts
     D:6: 991 daAuts
     D:5: 913 daAuts
     D:1: 814 daAuts
     D:3: 644 daAuts
     D:7: 594 daAuts
